 Dungeon Crawl Stone Soup version 0.18.1-50-g88ac8fd (console) character file.

7151 Kloppie the Blocker (level 10, -5/94 HPs)
             Began as a Troll Berserker on Oct 30, 2016.
             Was a High Priest of Trog.
             Slain by a blink frog (7 damage)
             ... on level 1 of the Lair of Beasts.
             The game lasted 00:13:43 (7980 turns).

Kloppie the Blocker (Troll Berserker)               Turns: 7980, Time: 00:13:44

Health: -5/94      AC: 13    Str: 27    XL:     10   Next: 86%
Magic:  10/10      EV:  8    Int:  3    God:    Trog [*****.]
Gold:   824        SH: 13    Dex: 12    Spells: 0 memorised, 9 levels left

rFire  . . .     SeeInvis .       - Unarmed
rCold  . . .     Gourm    +     I - pearl dragon hide
rNeg   + . .     Faith    .     e - +0 shield
rPois  +         Spirit   .     (helmet restricted)
rElec  .         Dismiss  .     B - +2 cloak
rCorr  .         Reflect  .     (gloves unavailable)
SustAt .         Harm     .     (boots unavailable)
MR     ++...                    (no amulet)
Stlth  ..........               q - +2 ring of protection
                                z - ring of poison resistance

@: regenerating, very resistant to hostile enchantments, extremely unstealthy
A: unfitting armour, claws 3, fast metabolism 3, gourmand, high mp 1,
regeneration 3, shaggy fur 1, tough skin 2
a: Berserk, Trog's Hand, Brothers in Arms, Burn Spellbooks, Renounce Religion


You were on level 1 of the Lair of Beasts.
You worshipped Trog.
Trog was extremely pleased with you.
You were very full.

You visited 2 branches of the dungeon, and saw 11 of its levels.
You also visited: Sewer.

You collected 824 gold pieces.

Inventory:

Missiles
 D - 3 large rocks (quivered)
Armour
 e - a +0 shield (worn)
 B - a +2 cloak (worn)
 I - a pearl dragon hide (worn)
Jewellery
 q - a +2 ring of protection (right claw)
 z - a ring of poison resistance (left claw)
Wands
 u - a wand of confusion (26/48)
 x - a wand of digging (9/24)
 y - a wand of lightning (5/15)
 E - a wand of acid (15/15)
Scrolls
 a - a scroll of recharging
 c - 4 scrolls of remove curse
 f - a scroll of enchant weapon
 k - 3 scrolls of teleportation
 o - 2 scrolls of enchant armour
 L - 2 scrolls of noise
 N - a scroll of fear
Potions
 d - 3 potions of flight
 g - 2 potions of berserk rage
 i - a potion of magic
 j - 3 potions of curing
 l - a potion of might {unknown}
 r - 4 potions of heal wounds {unknown}
 s - 3 potions of agility {unknown}
 t - 2 potions of mutation {unknown}
 v - 3 potions of brilliance {unknown}
 w - a potion of resistance {unknown}
 A - a potion of haste {unknown}
 C - a potion of invisibility {unknown}
 F - a potion of cancellation {unknown}
 G - a potion of cure mutation {unknown}
 H - 2 potions of lignification {unknown}
 J - 2 potions of degeneration {unknown}
Miscellaneous
 O - a box of beasts
Comestibles
 b - 12 bread rations
 h - 2 royal jellies
 m - 6 fruits
 n - 9 meat rations
 p - 8 beef jerkies
 K - a slice of pizza
 M - 5 chunks of flesh


   Skills:
 - Level 4.6 Fighting
 - Level 2.4 Dodging
 + Level 12.4 Shields
 - Level 6.0 Unarmed Combat


You had 9 spell levels left.
You didn't know any spells.

Dungeon Overview and Level Annotations

Branches:
Dungeon (10/15)            Temple (0/1) D:5            Lair (1/8) D:8
    Orc: D:9-12

Altars:
Ashenzari
Dithmenos
Gozag
Makhleb
Pakellas
Trog
Xom
The Shining One

Shops:
D:5 *


Innate Abilities, Weirdness & Mutations

You are too large for most types of armour.
You have claws for hands.
Your metabolism is lightning-fast.
You like to eat raw meat.
You regenerate.
You are covered in fur (AC +1).
You have very tough skin (AC +2).
You have an increased reservoir of magic (+10% MP).


Message History

You feel slightly less full.
The blink frog hits you but does no damage.
The blink frog hits you! You block the blink frog's attack.
The blink frog blinks!
The blink frog hits you.
* * * LOW HITPOINT WARNING * * *
You miss the blink frog.
The blink frog is lightly wounded.
The blink frog hits you!
* * * LOW HITPOINT WARNING * * *
The blink frog closely misses you. You block the blink frog's attack.
The blink frog blinks!
The blink frog hits you!
* * * LOW HITPOINT WARNING * * *
You mangle the blink frog!!
The blink frog is severely wounded.
The blink frog blinks!
The blink frog hits you.
* * * LOW HITPOINT WARNING * * *
The blink frog hits you!
* * * LOW HITPOINT WARNING * * *
The blink frog blinks!
The blink frog hits you!
You die...

. .
........##........##P.#P.....
.####.# ##.......###........
#.# ##.........###....## #.#
#P.......P.P##...## #.#
##.........###...# #.
#........#..##...##.
##.##...##..........
#.##§####.#.##.###...#..
#....F§@F§..#### #....##
FF.#####F..## #...... ##..#
..#.#.P #..# #...... #....
......# #.#### .. ... ..# ##


You could see 3 blink frogs.

Vanquished Creatures
  Harold (Lair:1)
  2 hill giants
  A black mamba (Lair:1)
  2 two-headed ogres (D:10)
  A blink frog (Lair:1)
  5 yaks (D:9)
  The ghost of FallenPrincess the Skirmisher, an amateur DsCK of Xom (D:3)
  Edmund (D:4)
  2 porcupines (Lair:1)
  2 water moccasins
  An ice beast (D:7)
  Purgy (Sewer)
  A sky beast (D:9)
  An orc warrior (D:10)
  A phantom (D:9)
  An ogre (D:9)
  3 crocodiles (Lair:1)
  4 centaurs
  3 giant frogs
  A big kobold (D:7)
  A gnoll sergeant (D:4)
  A wyvern zombie (D:8)
  A wyvern skeleton (D:9)
  3 scorpions
  3 howler monkeys
  3 crimson imps
  3 jellies
  A giant frog zombie (D:10)
  6 orc priests
  2 centaur skeletons
  6 hounds
  8 orc wizards
  2 iguanas
  4 worker ants
  Robin (D:2)
  4 gnolls (D:4)
  4 adders
  2 shadow imps
  An adder skeleton (D:6)
  A worm (D:4)
  4 dart slugs
  3 giant geckos
  48 orcs
  3 ball pythons
  9 bats
  6 giant cockroaches
  13 goblins
  13 hobgoblins
  10 jackals
  2 quokkas (D:4)
  A giant gecko skeleton (D:7)
  A giant gecko zombie (D:6)
  11 giant newts
  15 kobolds
  A quokka zombie (D:4)
  3 rats
235 creatures vanquished.

Notes
Turn   | Place    | Note
--------------------------------------------------------------
     0 | D:1      | Kloppie the Troll Berserker began the quest for the Orb.
     0 | D:1      | Reached XP level 1. HP: 22/22 MP: 0/0
   152 | D:1      | Reached XP level 2. HP: 29/29 MP: 1/1
   542 | D:1      | Reached ** piety under Trog
   789 | D:2      | Reached XP level 3. HP: 36/36 MP: 2/2
   818 | D:2      | Noticed Robin
   842 | D:2      | Reached skill level 1 in Shields
   846 | D:2      | Killed Robin
   919 | D:2      | Reached XP level 4. HP: 42/44 MP: 3/3
  1243 | D:2      | Reached *** piety under Trog
  1556 | D:3      | Noticed FallenPrincess's ghost (amateur DsCK)
  1577 | D:3      | Killed FallenPrincess's ghost
  1577 | D:3      | Reached skill level 2 in Shields
  1577 | D:3      | Reached skill level 5 in Unarmed Combat
  1577 | D:3      | Reached XP level 5. HP: 39/52 MP: 4/4
  1869 | D:3      | Reached skill level 3 in Shields
  1869 | D:3      | Reached XP level 6. HP: 58/59 MP: 5/5
  1955 | D:3      | Found a shimmering altar of Xom.
  1956 | D:3      | Found a burning altar of Makhleb.
  2278 | D:4      | Noticed Edmund
  2289 | D:4      | Killed Edmund
  2663 | D:4      | Reached XP level 7. HP: 51/66 MP: 6/6
  2877 | D:4      | Reached **** piety under Trog
  2877 | D:4      | Reached skill level 4 in Shields
  2999 | D:5      | Entered Level 5 of the Dungeon
  3189 | D:5      | Found a glowing drain.
  3194 | Sewer    | Entered a sewer
  3221 | Sewer    | Noticed Purgy
  3241 | Sewer    | Killed Purgy
  3241 | Sewer    | Reached skill level 5 in Shields
  3424 | D:5      | Found a staircase to the Ecumenical Temple.
  3461 | D:5      | Found a shattered altar of Ashenzari.
  3806 | D:5      | Found Woceink's Serpentskin Sales.
  3964 | D:5      | Reached skill level 6 in Shields
  3970 | D:5      | Reached XP level 8. HP: 74/74 MP: 7/7
  3971 | D:5      | Reached ***** piety under Trog
  4158 | D:6      | Found an oddly glowing altar of Pakellas.
  4819 | D:7      | You fall through a shaft for 3 floors!
  4819 | D:10     | Entered Level 10 of the Dungeon
  4963 | D:10     | Received a gift from Trog
  5109 | D:10     | Noticed a two-headed ogre
  5115 | D:10     | Killed a two-headed ogre
  5115 | D:10     | Reached skill level 7 in Shields
  5593 | D:9      | Reached XP level 9. HP: 73/85 MP: 8/8
  5618 | D:8      | Reached skill level 8 in Shields
  5624 | D:8      | Received a gift from Trog
  5713 | D:8      | Found a staircase to the Lair.
  5911 | D:7      | Found a shadowy altar of Dithmenos.
  5938 | D:7      | Found a bloodstained altar of Trog.
  6357 | D:8      | Reached skill level 9 in Shields
  6562 | D:9      | Noticed a hill giant
  6572 | D:9      | Killed a hill giant
  6735 | D:9      | Found an opulent altar of Gozag.
  6735 | D:9      | Found a glowing golden altar of the Shining One.
  6845 | D:9      | Gained mutation: You regenerate. [potion of beneficial mutation]
  6846 | D:9      | Gained mutation: You have an increased reservoir of magic (+10% MP). [potion of beneficial mutation]
  6910 | D:9      | Reached skill level 10 in Shields
  7071 | D:9      | Reached XP level 10. HP: 58/94 MP: 10/10
  7319 | D:10     | Reached skill level 11 in Shields
  7422 | D:10     | Noticed a hill giant
  7565 | D:10     | Killed a hill giant
  7692 | Lair:1   | Entered Level 1 of the Lair of Beasts
  7762 | Lair:1   | Noticed a black mamba
  7764 | Lair:1   | Killed a black mamba
  7904 | Lair:1   | Noticed Harold
  7936 | Lair:1   | Killed Harold
  7936 | Lair:1   | Reached skill level 12 in Shields
  7980 | Lair:1   | HP: 2/94 [blink frog (16)]
  7980 | Lair:1   | Slain by a blink frog

Skill      XL: |  1  2  3  4  5  6  7  8  9 10 |
---------------+-------------------------------+-----
Shields        | 1 2 3 6 7 10 12 | 12.4
Unarmed Combat | 5 6 |  6.0
Fighting       | 4 |  4.6
Dodging        | |  2.4

Action                   |  1- 3 |  4- 6 |  7- 9 | 10-12 || total
-------------------------+-------+-------+-------+-------++-------
Melee: Unarmed           |   114 |   123 |   404 |   118 ||   759
       Punch             |     1 |       |       |       ||     1
Invok: Berserk           |       |     2 |     4 |     2 ||     8
       Trog's Hand       |       |     1 |     1 |     2 ||     4
  Use: Scroll            |       |       |    18 |       ||    18
       Potion            |       |       |     2 |       ||     2
 Stab: Sleeping          |       |       |     1 |       ||     1
  Eat: Chunk             |    14 |    18 |    44 |    12 ||    88
Armor: Animal skin       |    41 |    37 |    70 |       ||   148
       Pearl dragon hide |       |       |    63 |    24 ||    87
Dodge: Dodged            |    46 |    27 |   115 |    26 ||   214
Block: Shield            |    37 |    51 |   204 |    60 ||   352
